 Dungeon Crawl Stone Soup version 0.29.1-15-g9cfb28693d (webtiles) character file.

Game seed: 9365448627222885027

163 leafyfresh the Sneak (level 5, -2/37 HPs)
             Began as an Octopode Delver on Apr 19, 2023.
             Slain by Sigmund
             ... wielding a +3 scythe of flaming
              (4 damage)
             ... on level 3 of the Dungeon.
             The game lasted 00:01:54 (2308 turns).

leafyfresh the Sneak (Octopode Delver)              Turns: 2308, Time: 00:01:55

Health: -2/37      AC:  1    Str: 12    XL:     5   Next: 44%
Magic:  5/5        EV: 14    Int: 14    God:
Gold:   112        SH:  0    Dex: 13    Spells: 4/4 levels left

rFire   . . .      SeeInvis .   a - +0 short sword
rCold   . . .      Faith    .   (no shield)
rNeg    . . .      Spirit   .   (helmet restricted)
rPois   .          Reflect  .   (no amulet)
rElec   .          Harm     .   (no ring)
rCorr   .          Rampage  .   (no ring)
Will    .....                   (no ring)
Stlth   +++++.....              (no ring)
HPRegen 0.12/turn               (no ring)
MPRegen 0.09/turn               (no ring)
                                (no ring)
                                (no ring)

@: lethally poisoned (-2 -> -3)
A: almost no armour, amphibious, 8 rings, camouflage 1, gelatinous body 1,
(nimble swimmer 1), tentacles
a: no special abilities


You were on level 3 of the Dungeon.
You visited 1 branch of the dungeon, and saw 3 of its levels.

You collected 112 gold pieces.

Inventory:

Hand Weapons
 a - a +0 short sword (weapon)
Wands
 f - a wand of digging (3)
Scrolls
 b - a scroll of fog
 c - a scroll of magic mapping
 d - a scroll of fear
 g - a scroll of brand weapon {unknown}
 h - a scroll of butterflies {unknown}
 j - a scroll of enchant armour {unknown}
 k - a scroll of teleportation {unknown}
 l - a scroll of identify {unknown}
 n - a scroll of summoning {unknown}
Potions
 i - 3 potions of curing {unknown}
 m - a potion of resistance {unknown}
 o - 3 potions of invisibility {unknown}


   Skills:
 + Level 4.2 Fighting
 - Level 2.0 Short Blades
 + Level 3.4 Dodging
 + Level 7.9 Stealth


You had 4 spell levels left.
You didn't know any spells.
Your spell library contained the following spells:

 Spells                   Type           Power      Damage    Failure   Level
 Ensorcelled Hibernation  Hex/Ice        0%         N/A       41%         2
 Spider Form              Tmut/Pois      0%         N/A       65%         3
 Anguish                  Hex/Necr       0%         N/A       96%         4


Dungeon Overview and Level Annotations

Branches:
Dungeon (5/15)             Temple (0/1) D:5

Altars:

Annotations:
D:3 Sigmund


Innate Abilities, Weirdness & Mutations

You cannot wear most types of armour.
You are amphibious.
You can wear up to eight rings at the same time.
Your skin changes colour to match your surroundings (Stealth+).
Your rubbery body absorbs attacks. (AC +1, EV +1)
((You are camouflaged when in or above water. (Stealth+)))
You have tentacles for arms and can constrict up to eight enemies at once.


Message History

Sigmund the Dreaded comes into view.
He is wielding a +3 scythe of flaming.
An adder comes into view.
A dart slug comes into view.
The goblin shouts!
The endoplasm quivers.
The endoplasm barely misses you.
The dart slug moves out of view.
The adder hisses angrily.
You hit the endoplasm but do no damage. Sigmund barely misses you.
The endoplasm barely misses you. The goblin hits you with a +0 dagger.
Sigmund casts a spell.
Sigmund flickers and vanishes!
Deactivating autopickup; reactivate with Ctrl-A.
The endoplasm attacks as you move away! The endoplasm barely misses you.
The bat barely misses you. The goblin attacks as you move away!
The goblin hits you with a +0 dagger. The bat closely misses you.
The bat closely misses you. The bat attacks as you move away!
The bat closely misses you. The bat hits you but does no damage.
The bat hits you.
There is a stone staircase leading down here.
The goblin hits you with a +0 dagger.
You hit the goblin.
You kill the goblin!
You miss the adder. You grab the adder. Your squeeze misses the adder.
You constrict the adder. The adder bites you.
You are poisoned.
The adder poisons you! Something hits you! Something burns you.
The adder bites you.
You hit the adder. Your squeeze misses the adder.
The adder is moderately wounded.
You constrict the adder.
You feel sick. The adder bites you.
You hit the adder. You squeeze the adder.
You kill the adder!
You feel sick. Something hits you but does no damage.
You feel sick. Something hits you!
* * * LOW HITPOINT WARNING * * *
Something burns you.
You die...

###### #....# #....#
#....# #....#
####....########
.........†..@.>#
###########.##.#
####J##.#
###..#######....##.#
#.........##S#####.#
#.#.#.#.#.##.# ##.#
#.?.......##S# #..#
..#.#.#.#.##.# #.##
w.........##.# ##.#


You could see an endoplasm.

Vanquished Creatures
  Ijyb (D:5)
  An iguana (D:4)
  An orc wizard (D:4)
  2 gnolls (D:4)
  5 adders
  A dart slug (D:3)
  3 orcs (D:4)
  A giant cockroach (D:4)
  2 goblins
  A hobgoblin (D:4)
  3 ball pythons (D:4)
  3 kobolds (D:4)
24 creatures vanquished.

Notes
Turn   | Place    | Note
-------+----------+-------------------------------------------
     0 | D:5      | leafyfresh the Octopode Delver began the quest for the Orb.
     0 | D:5      | Reached XP level 1. HP: 16/16 MP: 1/1
    17 | D:5      | Noticed a necrophage
    17 | D:5      | Noticed a scorpion
    19 | D:5      | Found a staircase to the Ecumenical Temple.
    19 | D:5      | Noticed a scorpion
    39 | D:5      | Noticed Ijyb
    43 | D:5      | Killed Ijyb
    44 | D:5      | Reached skill level 7 in Stealth
    44 | D:5      | Reached XP level 2. HP: 13/21 MP: 2/2
    44 | D:5      | Reached XP level 3. HP: 16/26 MP: 3/3
   458 | D:4      | Reached XP level 4. HP: 22/33 MP: 4/4
   987 | D:4      | Reached XP level 5. HP: 19/37 MP: 5/5
  2275 | D:3      | Noticed Sigmund
  2308 | D:3      | Slain by Sigmund

Illustrated notes

Levels and vault maps discovered:
D:3:      layout_basic, serial_glass, glass_columns_a, glass_columns_c,
          uniq_sigmund
D:4:      layout_basic, corexii_checkpoint_b, kennysheep_generic_room_2
D:5:      layout_rooms, minmay_temple_entry_waves, minivault_26,
          kennysheep_potato, uniq_ijyb, uniq_blork_the_orc, uniq_pikel,
          uniq_grinder

Skill      XL: |  1  2  3  4 |
---------------+-------------+-----
Stealth        | 7 |  7.9
Dodging        | 3 |  3.4
Fighting       | 4 |  4.2
Short Blades   | |  2.0

Action                   |  1- 3 |  4- 6 || total
-------------------------+-------+-------++-------
Melee: Short sword       |    22 |    37 ||    59
       Tentacles         |     7 |     8 ||    15
       Constrict         |     6 |     8 ||    14
  Use: Potion            |       |     1 ||     1
 Stab: Sleeping          |     6 |       ||     6
Armor: Skin              |       |     5 ||     5
Dodge: Dodged            |     6 |    38 ||    44
